 Dungeon Crawl Stone Soup version 0.21-a0-531-gacddea6 (webtiles) character file.

45117 Amnesiac the Markself (level 13, -1/98 HPs)
             Began as a Deep Elf Arcane Marksman on Dec 12, 2017.
             Was the Champion of Okawaru.
             Splashed by an acid dragon's acid (10 damage)
             ... on level 15 of the Dungeon.
             The game lasted 01:05:33 (23516 turns).

Amnesiac the Markself (Deep Elf Arcane Marksman)   Turns: 23516, Time: 01:05:34

Health: -1/98      AC: 14    Str: 11    XL:     13   Next: 99%
Magic:  18/28      EV: 25    Int: 20    God:    Okawaru [******]
Gold:   386        SH:  0    Dex: 18    Spells: 7/30 levels left

rFire    + . .     SeeInvis +   a - +0 longbow (flame)
rCold    . . .     Gourm    .   (shield currently unavailable)
rNeg     . . .     Faith    +   x - +1 robe {rF+}
rPois    .         Spirit   .   g - +2 helmet
rElec    +         Reflect  .   P - +1 cloak {MR+}
rCorr    .         Harm     .   I - +2 pair of gloves {Dex+3}
MR       ++...     Rnd*Rage +   n - +0 pair of boots Stlth ++........Rnd*Tele +
                                y - amulet of faith
HPRegen  0.26/turn              e - +4 ring of evasion
MPRegen  0.21/turn              h - ring of see invisible

@: very slightly contaminated
A: slimy green scales 1, berserk 2, sense surroundings 1, robust 2, electricity
resistance, teleportitis 1, MP-powered wands
a: Heroism, Finesse, Renounce Religion


You were on level 15 of the Dungeon.
You worshipped Okawaru.
Okawaru was exalted by your worship.
You were not hungry.

You visited 2 branches of the dungeon, and saw 16 of its levels.

You collected 947 gold pieces.
You spent 561 gold pieces at shops.

Inventory:

Hand Weapons
 a - a +0 longbow of flaming (weapon)
 b - the +3 quick blade of Lucoxt {venom, rC+}
   (You found it on level 9 of the Dungeon)

   It poisons the flesh of those it strikes.
   It protects you from cold.
 c - a +6 quick blade
 w - a +9 blowgun
 Q - the +6 shortbow of Okawaru's Whim {venom, rF+}
   (Okawaru gifted it to you on level 13 of the Dungeon)

   It poisons the ammo it fires.
   It protects you from fire.
Missiles
 d - 342 arrows (quivered)
 j - 71 poisoned needles
 C - 3 needles of sleeping
 V - 3 curare-tipped needles
Armour
 g - a +2 helmet (worn)
 n - a +0 pair of boots (worn)
 x - a +1 robe of fire resistance (worn)
 z - the +3 hat of Pondering {ponderous, MR+ MP+10 Int+5}
   (You took it off Gastronok on level 11 of the Dungeon)

   It affects your intelligence (+5).
   It affects your resistance to hostile enchantments.
   It affects your magic capacity (+10).
 I - a +2 pair of gloves of dexterity (worn)
 P - a +1 cloak of magic resistance (worn)
Jewellery
 e - a +4 ring of evasion (left hand)
 h - a ring of see invisible (right hand)
 m - an uncursed ring of flight
 t - an uncursed ring of resist corrosion
 y - an amulet of faith (around neck)
 B - an uncursed amulet of harm
 H - an uncursed ring of fire
 K - an uncursed ring of poison resistance
Wands
 s - a wand of polymorph (10)
 M - a wand of iceblast (14)
 T - a wand of disintegration (15)
 W - a wand of acid (7)
Scrolls
 f - a scroll of blinking {!r}
 l - 11 scrolls of teleportation {!r}
 u - 7 scrolls of remove curse {!r}
 D - a scroll of magic mapping {!r}
 E - 2 scrolls of amnesia {!r}
 F - a scroll of fog {!r}
 N - 6 scrolls of identify {!r}
 R - 2 scrolls of holy word {!r}
Potions
 k - 4 potions of resistance {!q}
 o - 2 potions of ambrosia {!q}
 p - 5 potions of curing {!q}
 q - 3 potions of haste {!q}
 r - 2 potions of flight {!q}
 A - a potion of brilliance {!q}
 G - 2 potions of might {!q}
 L - a potion of agility {!q}
 U - a potion of magic {!q, unknown}
Miscellaneous
 O - a lamp of fire
Comestibles
 i - 7 meat rations
 v - 7 bread rations


   Skills:
 * Level 9.9 Fighting
 + Level 16.1 Bows
 + Level 11.8 Dodging
 + Level 9.0 Spellcasting
 + Level 9.0 Hexes
 + Level 8.3 Invocations


You had 7 spell levels left.
You knew the following spells:

 Your Spells              Type           Power        Failure   Level  Hunger
a - Corona                Hex            #####..      1%          1    None
b - Cause Fear            Hex            #####.....   1%          4    ###....
c - Portal Projectile     Hex/Tloc       ####..       3%          3    None
d - Invisibility          Hex            #####...     28%         6    ######.
e - Slow                  Hex            #####...     1%          2    None
f - Poisonous Vapours     Pois/Air       #.....       12%         2    None
g - Mephitic Cloud        Conj/Pois/Air  #.......     22%         3    None
v - Blink                 Tloc           N/A          12%         2    None


Dungeon Overview and Level Annotations

Branches:
Dungeon (15/15)            Temple (1/1) D:7            Lair (0/6) D:10
    Orc (0/2) D:9          Vaults (0/5) D:14
 Depths: D:15

Altars:
Ashenzari
Cheibriados
Dithmenos
Elyvilon
Fedhas
Gozag
Hepliaklqana
Kikubaaqudgha
Makhleb
Nemelex Xobeh
Okawaru
Qazlal
Ru
Sif Muna
Uskayaw
Vehumet
Wu Jian
Yredelemnul
Zin

Shops:
D:6 (   D:9 (

Annotations:
D:3 Amnesiac's ghost, amateur DEAM


Innate Abilities, Weirdness & Mutations

You are partially covered in slimy green scales. (AC +2)
You often lose your temper in combat.
You passively map a small area around you.
You are very robust. (+20% HP)
You are resistant to electric shocks. (rElec)
You are occasionally teleported next to monsters.
You expend magic power (3 MP) to strengthen your wands.


Message History

Press: ? - help, Shift-Dir - straight line, f/p - vampire
Aim: a vampire (severely damaged, slightly transparent)
You shoot an arrow. The arrow hits the vampire!!
The arrow burns the vampire.
You destroy the vampire!
Okawaru accepts your kill.
Unknown command.
Firing (i - inventory):
d - 346 arrows (quivered)
Press: ? - help, Shift-Dir - straight line, f - orc
Aim: an orc, wielding a trident (moderately wounded)
You shoot an arrow.
The arrow hits the orc but does no damage.
The orc is moderately wounded.
Firing (i - inventory):
d - 345 arrows (quivered)
Press: ? - help, Shift-Dir - straight line, f/p - orc
Aim: an orc, wielding a trident (moderately wounded)
You shoot an arrow. The arrow hits the orc.
The arrow burns the orc.
The orc is almost dead.
You are suddenly yanked towards some nearby monsters!
Your surroundings suddenly seem different.
An orc comes into view. It is wielding a short sword.
The orc shouts!
An acid dragon comes into view.
The acid dragon roars!
The acid dragon spits acid at you. The splash of acid misses you.
An orc warrior comes into view. It is wielding a short sword.
The orc warrior shouts!
Found 26 gold pieces and 2 scrolls of identify.
An unseen horror and a wight come into view.
Okay, then.
Casting: Blink
Confirm with . or Enter, or press ? or * to list all spells.
The orc warrior looks frightened!
The orc easily resists.
The wight is unaffected.
The unseen horror looks frightened!
The acid dragon looks frightened!
Okay, then.
Cornered, the unseen horror turns to fight!
The orc barely misses you. The unseen horror hits you!
* * * LOW HITPOINT WARNING * * *
The unseen horror hits you.
* * * LOW HITPOINT WARNING * * *
Casting: Cause Fear
Confirm with . or Enter, or press ? or * to list all spells.
The orc looks frightened!
The wight is unaffected.
The unseen horror looks frightened!
Unknown command.
You see here an arrow.
Firing (i - inventory):
d - 344 arrows (quivered)
Press: ? - help, Shift-Dir - straight line, f - wight
Aim: a wight, wielding an enchanted flail and wearing a robe You shoot an arrow.
The arrow closely misses the wight.
The wight completely misses you.
Firing (i - inventory):
d - 343 arrows (quivered)
Press: ? - help, Shift-Dir - straight line, f/p - wight
Aim: a wight, wielding an enchanted flail and wearing a robe You shoot an arrow.
The arrow hits the wight!
The arrow burns the wight.
The wight is almost destroyed.
You are suddenly yanked towards some nearby monsters!
Your surroundings suddenly seem different.
The acid dragon spits acid at you. The splash of acid hits you!
* * * LOW HITPOINT WARNING * * *
You are splashed with acid!
The acid burns!
You die...

* *≈ ,, *
##### ##
#o...####.+,
#.......@.#
,
#.......###
≈
*###.......#
* , ,
..........#
* *
###.......#
, #.D.....#
#.......##
....?x...(#
###..?.###.#


You could see an unseen horror (invisible), an acid dragon and an orc.

Vanquished Creatures
  Gastronok (D:11)
  A stone giant (D:12)
  Azrael (D:13)
  Erolcha (D:8)
  A rakshasa (D:11)
  2 centaur warriors
  3 death yaks
  10 two-headed ogres
  A tengu warrior (D:11)
  2 unseen horrors
  2 wizards
  The ghost of Regeox the Blocker, a novice GrFi of Okawaru (D:6)
  Pikel (D:5)
  8 cyclopes
  An ugly thing (D:5)
  A manticore (D:15)
  Joseph (D:7)
  3 centaur zombies
  A gargoyle (D:11)
  An efreet (D:13)
  A komodo dragon (D:13)
  A queen bee (D:8)
  6 trolls
  A troll (shapeshifter) (D:13)
  Prince Ribbit (D:9)
  14 slime creatures
  4 hippogriffs
  2 vampires (D:15)
  Sigmund (D:5)
  2 wraiths
  A shadow (D:11)
  11 yaks
  2 fire elementals (D:13)
  2 wyverns (D:9)
  5 vampire mosquitoes
  3 hungry ghosts
  Edmund (D:5)
  Menkaure (D:6)
  2 water moccasins
  2 acid dragons
  2 hell hounds (D:13)
  A soldier ant (D:15)
  3 orc warriors
  A slave (D:5)
  4 sky beasts
  4 black bears
  2 ice beasts
  2 eyes of draining
  A phantom (D:13)
  7 necrophages
  15 ogres
  10 centaurs
  3 crocodiles
  2 big kobolds
  7 bullfrogs
  A gnoll sergeant (D:9)
  A water moccasin zombie (D:5)
  2 wyvern skeletons
  7 scorpions
  23 killer bees
  5 wights
  6 howler monkeys
  10 crimson imps
  3 bullfrog zombies
  4 jellies
  A quasit (D:9)
  9 orc priests
  5 hounds
  2 bullfrog skeletons (D:10)
  6 centaur skeletons
  Jessica (D:3)
  4 iguanas
  14 orc wizards
  12 worker ants
  3 hound skeletons
  6 gnolls
  A howler monkey skeleton (D:4)
  15 adders
  A river rat (D:10)
  9 oozes
  An adder skeleton (D:7)
  An adder zombie (D:10)
  7 worms
  4 dart slugs
  2 leopard geckos (D:8)
  65 orcs
  7 bats
  7 giant cockroaches
  11 goblins
  6 hobgoblins
  10 jackals
  24 kobolds
  4 quokkas
  9 frilled lizards
  A leopard gecko skeleton (D:9)
  13 rats
493 creatures vanquished.

Vanquished Creatures (others)
  Erica (D:9)
  A centaur zombie (D:13)
  A fungus (D:3)
  2 plants (D:13)
  12 toadstools (D:3)
17 creatures vanquished.

Grand Total: 510 creatures vanquished

Notes
Turn   | Place    | Note
-------+----------+-------------------------------------------
     0 | D:1      | Amnesiac the Deep Elf Arcane Marksman began the quest for the Orb.
     0 | D:1      | Reached XP level 1. HP: 11/11 MP: 5/5
    68 | D:2      | Reached XP level 2. HP: 8/16 MP: 3/6
    70 | D:2      | Noticed an air elemental
    72 | D:2      | Found a stormy altar of Qazlal.
    73 | D:2      | Noticed a water elemental
    73 | D:2      | Noticed a fire elemental
    73 | D:2      | Noticed an earth elemental
    79 | D:2      | Learned a level 2 spell: Slow
   146 | D:2      | Reached skill level 1 in Fighting
   381 | D:2      | Reached XP level 3. HP: 18/20 MP: 8/8
   443 | D:2      | Reached skill level 3 in Bows
   932 | D:1      | Reached XP level 4. HP: 25/25 MP: 9/9
   959 | D:1      | Learned a level 4 spell: Cause Fear
  1699 | D:2      | Reached skill level 5 in Hexes
  1762 | D:2      | Found a sparkling altar of Nemelex Xobeh.
  2050 | D:2      | Gained mutation: Your magical capacity is low. (-10% MP) [potion of mutation]
  2050 | D:2      | Gained mutation: You are occasionally teleported next to monsters. [potion of mutation]
  2050 | D:2      | Gained mutation: You are partially covered in slimy green scales. (AC +2) [potion of mutation]
  2050 | D:2      | Gained mutation: You have large cloven feet. [potion of mutation]
  2132 | D:3      | Reached XP level 5. HP: 27/29 MP: 6/10
  2365 | D:3      | Noticed Amnesiac's ghost (amateur DEAM)
  2563 | D:4      | Noticed an ogre
  2577 | D:4      | Killed an ogre
  2577 | D:4      | Reached skill level 4 in Bows
  2921 | D:4      | Reached XP level 6. HP: 29/35 MP: 7/11
  2932 | D:4      | Learned a level 3 spell: Portal Projectile
  3421 | D:3      | Noticed Jessica
  3435 | D:3      | Killed Jessica
  4380 | D:4      | Reached XP level 7. HP: 30/40 MP: 6/13
  4641 | D:4      | Reached skill level 5 in Bows
  4739 | D:4      | Gained mutation: You are clumsy. (Dex -2) [mutagenic meat]
  4740 | D:4      | Gained mutation: You are robust. (+10% HP) [mutagenic meat]
  5348 | D:5      | Entered Level 5 of the Dungeon
  5398 | D:5      | Reached XP level 8. HP: 36/49 MP: 15/15
  5588 | D:5      | Reached skill level 6 in Bows
  5767 | D:5      | Reached skill level 5 in Dodging
  5849 | D:5      | Reached skill level 5 in Spellcasting
  6035 | D:5      | Found a hazy altar of Hepliaklqana.
  6351 | D:5      | Noticed Sigmund
  6364 | D:5      | Killed Sigmund
  6381 | D:5      | Noticed Edmund
  6402 | D:5      | Killed Edmund
  6402 | D:5      | Reached skill level 7 in Bows
  6814 | D:5      | Noticed Pikel
  6835 | D:5      | Killed Pikel
  6835 | D:5      | Reached skill level 8 in Bows
  6835 | D:5      | Reached XP level 9. HP: 50/57 MP: 10/16
  6988 | D:6      | Noticed a red ugly thing
  7164 | D:6      | Found Xiron's Antique Weapon Boutique.
  7171 | D:6      | Bought a glowing blowgun for 165 gold pieces
  7183 | D:6      | Noticed Regeox's ghost (novice GrFi)
  7321 | D:7      | Found a staircase to the Ecumenical Temple.
  7341 | Temple   | Entered the Ecumenical Temple
  7418 | Temple   | Became a worshipper of Warmaster Okawaru
  7967 | D:7      | Reached * piety under Okawaru
  7967 | D:7      | Reached skill level 9 in Bows
  8125 | D:7      | Noticed Joseph
  8162 | D:7      | Killed Joseph
  8162 | D:7      | Reached skill level 5 in Fighting
  8780 | D:5      | Killed a red ugly thing
  8780 | D:5      | Reached ** piety under Okawaru
  8780 | D:5      | Reached skill level 10 in Bows
  8788 | D:5      | Lost mutation: You are clumsy. (Dex -2) [mutagenic meat]
  8789 | D:5      | Lost mutation: Your magical capacity is low. (-10% MP) [mutagenic meat]
  8790 | D:5      | Gained mutation: You have hoof-like feet. [mutagenic meat]
  8967 | D:6      | Reached XP level 10. HP: 53/64 MP: 16/19
  9195 | D:6      | Killed Regeox's ghost
  9589 | D:6      | Noticed Menkaure
  9635 | D:6      | Killed Menkaure
  9687 | D:6      | Found a shadowy altar of Dithmenos.
  9746 | D:6      | Found an ornate altar of the Wu Jian Council.
  9890 | D:8      | Found a snail-covered altar of Cheibriados.
 10241 | D:8      | Reached skill level 11 in Bows
 10614 | D:8      | Reached *** piety under Okawaru
 11009 | D:7      | Lost mutation: You have hoof-like feet. [potion of mutation]
 11009 | D:7      | Lost mutation: You have large cloven feet. [potion of mutation]
 11009 | D:7      | Gained mutation: You tend to lose your temper in combat. [potion of mutation]
 11009 | D:7      | Gained mutation: You are very robust. (+20% HP) [potion of mutation]
 11093 | D:8      | Found a radiant altar of Vehumet.
 11848 | D:9      | Noticed Erolcha
 11860 | D:9      | Found Qeddaefoa's Antique Weapon Emporium.
 11926 | D:8      | Killed Erolcha
 11926 | D:8      | Reached **** piety under Okawaru
 11926 | D:8      | Reached skill level 12 in Bows
 12354 | D:9      | Found a staircase to the Orcish Mines.
 12392 | D:9      | Reached XP level 11. HP: 78/79 MP: 20/20
 12690 | D:9      | Noticed a wizard
 12717 | D:9      | Killed a wizard
 12837 | D:9      | Noticed Prince Ribbit
 12866 | D:9      | Killed Prince Ribbit
 12930 | D:9      | Reached skill level 10 in Dodging
 13034 | D:9      | Found a sacrificial altar of Ru.
 13328 | D:9      | Noticed Erica
 13352 | D:9      | Got a crystal quick blade
 13354 | D:9      | Identified the +3 quick blade of Lucoxt {venom, rC+} (You found it on level 9 of the Dungeon)
 13399 | D:9      | Killed Erica
 13419 | D:10     | Entered Level 10 of the Dungeon
 13493 | D:8      | HP: 4/80 [manticore/volley of spikes (15)]
 14492 | D:9      | Reached skill level 13 in Bows
 14518 | D:9      | Reached ***** piety under Okawaru
 14853 | D:10     | Received a gift from Okawaru
 15091 | D:10     | Noticed a two-headed ogre
 15131 | D:10     | Killed a two-headed ogre
 15171 | D:10     | Identified the Grimoire of Nocuous Dark Secrets
 15265 | D:10     | Found a staircase to the Lair.
 15360 | D:10     | Noticed a death yak
 15370 | D:10     | Noticed a death yak
 15371 | D:10     | Noticed a death yak
 15467 | D:10     | Killed a death yak
 15467 | D:10     | Received a gift from Okawaru
 15467 | D:10     | Reached skill level 14 in Bows
 15584 | D:9      | Killed a death yak
 15859 | D:10     | Killed a death yak
 16151 | D:11     | Noticed a rakshasa
 16151 | D:11     | Noticed a tengu warrior
 16525 | D:11     | Reached skill level 5 in Invocations
 16559 | D:11     | Reached XP level 12. HP: 46/86 MP: 21/21
 16598 | D:11     | Noticed Gastronok
 16903 | D:11     | Killed Gastronok
 17399 | D:11     | Killed a tengu warrior
 17880 | D:11     | Received a gift from Okawaru
 17880 | D:11     | Reached ****** piety under Okawaru
 17918 | D:11     | Identified the Guide on Execration
 17927 | D:11     | Learned a level 6 spell: Invisibility
 17930 | D:11     | Learned a level 2 spell: Poisonous Vapours
 18305 | D:11     | Killed a rakshasa
 18305 | D:11     | Reached skill level 15 in Bows
 18772 | D:12     | Learned a level 2 spell: Blink
 18805 | D:12     | Gained mutation: You are resistant to electric shocks. (rElec) [mutagenic meat]
 18895 | D:12     | Received a gift from Okawaru
 18931 | D:12     | Noticed a two-headed ogre
 18947 | D:12     | Killed a two-headed ogre
 18947 | D:12     | Received a gift from Okawaru
 19043 | D:12     | Noticed a two-headed ogre
 19050 | D:12     | Killed a two-headed ogre
 19445 | D:12     | Learned a level 3 spell: Mephitic Cloud
 19640 | D:13     | Noticed a two-headed ogre
 19641 | D:13     | Noticed a two-headed ogre
 19646 | D:13     | Killed a two-headed ogre
 19646 | D:13     | Received a gift from Okawaru
 19891 | D:13     | Noticed a two-headed ogre
 19919 | D:12     | Killed a two-headed ogre
 19949 | D:13     | Noticed a two-headed ogre
 19950 | D:13     | Reached XP level 13. HP: 93/93 MP: 24/24
 19951 | D:13     | Noticed a stone giant
 20093 | D:12     | Killed a stone giant
 20237 | D:12     | Received a gift from Okawaru
 20615 | D:13     | Noticed Azrael
 20642 | D:13     | Killed Azrael
 20830 | D:13     | Found Ceecloi's Book Shoppe.
 20908 | D:13     | Gained mutation: You often lose your temper in combat. [mutagenic meat]
 20909 | D:13     | Gained mutation: You expend magic power (3 MP) to strengthen your wands. [mutagenic meat]
 20911 | D:13     | Gained mutation: You passively map a small area around you. [mutagenic meat]
 20940 | D:13     | Received a gift from Okawaru
 20943 | D:13     | Got a jewelled shortbow {god gift}
 20944 | D:13     | Identified the +6 shortbow of Okawaru's Whim {venom, rF+} (Okawaru gifted it to you on level 13 of the Dungeon)
 21703 | D:14     | Found a gate to the Vaults.
 21809 | D:14     | Received a gift from Okawaru
 22022 | D:14     | Received a gift from Okawaru
 22064 | D:14     | Reached skill level 16 in Bows
 22324 | D:15     | Entered Level 15 of the Dungeon
 22328 | D:15     | Received a gift from Okawaru
 22753 | D:14     | Found a gate to the Vaults.
 23069 | D:9      | Bought a glowing quick blade for 396 gold pieces
 23238 | D:15     | Received a gift from Okawaru
 23348 | D:15     | Received a gift from Okawaru
 23516 | D:15     | Splashed by an acid dragon's acid

Vault maps used:
D:1:      minmay_arrival_jagged, hangedman_decor_points
D:2:      nemelex_xobeh_ov_fountains_minmay, first_bread,
          nicolae_qazlal_style_of_elements
D:3:      cheibrodos_fertilizer, uniq_jessica
D:4:      grunt_ministairs_6
D:5:      lemuel_doored_altar, uniq_sigmund, uniq_pikel, uniq_edmund
D:6:      cheibrodos_fzero, lemuel_crystal_altar,
          nicolae_overflow_hidden_temple, serial_shops,
          nicolae_shop_competitors_out_of_business, uniq_menkaure
D:7:      temple_statues, uniq_joseph
D:8:      old_standard_altar, kennysheep_little_box, david_nohive_1
D:9:      minmay_the_grid_triangle_9x9_rhombus_thin_mashed, lemuel_round_altar,
          orc_0_dummy, serial_shops, shop, uniq_erolcha, uniq_prince_ribbit1,
          uniq_erica
D:10:     dpeg_lair_monsters
D:11:     minmay_ambush_box, uniq_gastronok
D:13:     cheibrodos_monumental, serial_shops, shop_fountains, uniq_azrael
D:14:     david_vaults_1
D:15:     grunt_enter_depths_snipers
Temple:   regret_index_temple_waves

Skill      XL: |  1  2  3  4  5  6  7  8  9 10 11 12 13 |
---------------+----------------------------------------+-----
Fighting       | 1 2 4 5 6 7 8 9 |  9.9
Spellcasting   | 2 3 4 5 6 9 |  9.0
Bows           | 3 4 5 8 10 12 14 15 16 | 16.1
Dodging        | 3 4 6 8 9 10 11 | 11.8
Hexes          | 5 6 7 8 9 |  9.0
Invocations    | 6 8 |  8.3

Action                   |  1- 3 |  4- 6 |  7- 9 | 10-12 | 13-15 || total
-------------------------+-------+-------+-------+-------+-------++-------
Melee: Dagger            |    77 |   225 |   310 |   163 |       ||   775
       Quick blade       |       |       |       |   410 |       ||   410
       Blowgun           |       |       |       |     3 |       ||     3
 Fire: Shortbow          |    40 |    23 |    90 |    36 |    63 ||   252
       Blowgun           |       |       |    34 |   410 |       ||   444
       Longbow           |       |       |       |   363 |   450 ||   813
Throw: Stone             |       |    27 |    21 |     4 |       ||    52
 Cast: Corona            |    14 |    29 |    48 |    44 |     2 ||   137
       Slow              |     8 |    32 |    69 |    71 |    10 ||   190
       Cause Fear        |       |     1 |     2 |    23 |    25 ||    51
       Blink             |       |       |       |       |     3 ||     3
       Invisibility      |       |       |       |       |     1 ||     1
Invok: Heroism           |       |       |       |     1 |     1 ||     2
       Finesse           |       |       |       |     1 |     1 ||     2
Evoke: Wand              |       |       |     6 |    11 |       ||    17
  Use: Scroll            |     1 |     5 |     7 |    19 |       ||    32
       Potion            |       |     1 |     3 |     8 |     1 ||    13
 Stab: Sleeping          |     2 |       |       |       |       ||     2
  Eat: Chunk             |     1 |    11 |    21 |    20 |    15 ||    68
       Fruit             |       |     2 |       |     2 |       ||     4
       Bread ration      |       |       |     1 |     1 |       ||     2
       Royal jelly       |       |       |     1 |    10 |     1 ||    12
Armor: Robe              |    24 |    66 |   100 |   191 |    23 ||   404
Dodge: Dodged            |    42 |   131 |   270 |  1028 |   203 ||  1674
Block: Other             |       |       |     5 |    34 |       ||    39

Table legend:
 A = Spawn XP
 B = Non-spawn XP
 C = Spawn XP percentage of total XP
 D = Spawn monster count
 E = Non-spawn monster count
 F = Spawn count percentage of total count
 G = Total turns spent on level
                    A         B        C        D         E        F      G
               +---------+---------+-------+---------+---------+-------+---------
         Total |       0 |   64454 |   0.0 |       0 |     493 |   0.0 | 23516
               +---------+---------+-------+---------+---------+-------+---------
           D:1 |       0 |      43 |   0.0 |       0 |      21 |   0.0 |  1086
           D:2 |       0 |     142 |   0.0 |       0 |      29 |   0.0 |   983
           D:3 |       0 |     324 |   0.0 |       0 |      45 |   0.0 |  1696
           D:4 |       0 |     900 |   0.0 |       0 |      42 |   0.0 |  1705
           D:5 |       0 |    2481 |   0.0 |       0 |      23 |   0.0 |  1864
           D:6 |       0 |    1643 |   0.0 |       0 |      20 |   0.0 |  1255
           D:7 |       0 |    1298 |   0.0 |       0 |      11 |   0.0 |  1188
           D:8 |       0 |    3466 |   0.0 |       0 |      55 |   0.0 |  2065
           D:9 |       0 |    5586 |   0.0 |       0 |      49 |   0.0 |  3152
          D:10 |       0 |    3925 |   0.0 |       0 |      30 |   0.0 |  1154
          D:11 |       0 |    9565 |   0.0 |       0 |      45 |   0.0 |  2360
          D:12 |       0 |   12508 |   0.0 |       0 |      42 |   0.0 |  1931
          D:13 |       0 |   11878 |   0.0 |       0 |      46 |   0.0 |  1330
          D:14 |       0 |    5589 |   0.0 |       0 |      20 |   0.0 |  1317
          D:15 |       0 |    4926 |   0.0 |       0 |      14 |   0.0 |   297
        Temple |       0 |     180 |   0.0 |       0 |       1 |   0.0 |   133
               +---------+---------+-------+---------+---------+-------+---------
